Map: Abyssal Reef LE

Players

PtitDrogo - Winner!

  • Race: Protoss Protoss
  • Spawn Location: 5:00

McMonroe

  • Race: Zerg Zerg
  • Spawn Location: 11:00

Event: WCS Austin 2017

VOD

Have the link to the VOD?

Description

Time

  • Played on: April 28, 2017, 4:45 p.m.
  • Length: 17:39

All games in this series

Show
View Real Time Build Order
Export as new Build Order

PtitDrogo Protoss - Winner!

Build Orders: 1 Gate Expand, Oracle Opening 

Get SALT Encoding   

  12  0:01  Probe (Chrono Boost)  
  13  0:11  Probe (Chrono Boost)  
  14  0:19  Pylon  
  14  0:22  Probe (Chrono Boost)  
  15  0:37  Probe (Chrono Boost)  
  15  0:40  Gateway  
  16  0:48  Probe (Chrono Boost)  
  16  0:49  Assimilator  
  17  0:58  Probe (Chrono Boost)  
  18  1:09  Probe (Chrono Boost)  
  19  1:20  Nexus  
  19  1:25  Probe (Chrono Boost)  
  20  1:34  Cybernetics Core  
  20  1:37  Probe (Chrono Boost)  
  21  1:43  Assimilator  
  21  1:48  Probe (Chrono Boost)  
  21  1:52  Pylon  
  22  2:00  Probe (Chrono Boost)  
  23  2:08  Adept  
  23  2:12  Probe (Chrono Boost), Warp Gate  
  27  2:24  Probe (Chrono Boost)  
  27  2:33  Probe (Chrono Boost)  
  27  2:35  Stargate, Adept  
  27  2:36  Probe (Chrono Boost)  
  29  2:43  Probe (Chrono Boost)  
  32  2:48  Probe (Chrono Boost)  
  33  2:54  Probe (Chrono Boost)  
  34  2:59  Adept  
  34  3:00  Probe (Chrono Boost)  
  34  3:04  Probe (Chrono Boost)  
  38  3:06  Gateway  
  38  3:09  Gateway  
  38  3:15  Probe (Chrono Boost)  
  38  3:16  Oracle  
  38  3:17  Probe (Chrono Boost)  
  43  3:29  Probe (Chrono Boost)  
  43  3:30  Probe (Chrono Boost), Pylon  
  45  3:39  Probe (Chrono Boost)  
  46  3:44  Pylon  
  46  3:50  Probe x2 (Chrono Boost)  
  46  3:54  Oracle, Nexus  
  48  4:00  Probe (Chrono Boost)  
  53  4:03  Probe (Chrono Boost)  
  53  4:14  Probe (Chrono Boost)  
  53  4:15  Probe (Chrono Boost)  
  55  4:17  Stalker  
  55  4:18  Pylon  
  57  4:24  Probe (Chrono Boost)  
  57  4:28  Probe (Chrono Boost)  
  57  4:30  Pylon  
  59  4:31  Assimilator  
  59  4:33  Adept  
  59  4:34  Assimilator  
  59  4:37  Mothership Core (Chrono Boost)  
  64  4:40  Probe (Chrono Boost)  
  64  4:46  Robotics Facility, Phoenix  
  64  4:52  Probe (Chrono Boost)  
  67  4:55  Probe (Chrono Boost)  
  68  5:04  Probe (Chrono Boost)  
  68  5:06  Probe (Chrono Boost)  
  70  5:11  Probe (Chrono Boost)  
  67  5:15  Twilight Council, Zealot x2, Sentry  
  67  5:16  Probe x2 (Chrono Boost)  
  67  5:19  Forge  
  75  5:22  Probe (Chrono Boost)  
  75  5:27  Probe (Chrono Boost)  
  78  5:28  Probe (Chrono Boost)  
  78  5:32  Probe (Chrono Boost)  
  78  5:33  Pylon  
  79  5:38  Probe (Chrono Boost)  
  79  5:39  Protoss Ground Weapons Level 1  
  79  5:40  Probe (Chrono Boost)  
  79  5:42  Observer  
  81  5:43  Probe (Chrono Boost)  
  81  5:45  Charge  
  81  5:46  Gateway  
  81  5:47  Gateway  
  81  5:49  Assimilator, Pylon  
  84  5:50  Assimilator, Probe (Chrono Boost), Gateway  
  84  5:52  Probe (Chrono Boost)  
  84  5:54  Probe (Chrono Boost)  
  86  6:01  Sentry  
  86  6:02  Probe (Chrono Boost)  
  90  6:04  Probe (Chrono Boost)  
  90  6:05  Pylon  
  90  6:07  Probe (Chrono Boost)  
  90  6:10  Zealot x2  
  95  6:29  Warp Prism  
  95  6:34  Templar Archives  
  97  6:41  Gateway  
  97  6:42  Pylon, Gateway  
  97  6:52  Zealot x4  
  105  6:55  Photon Cannon, Nexus  
  105  6:57  Pylon  
  105  6:58  Pylon  
  105  7:00  Immortal  
  109  7:16  Phoenix  
  109  7:22  Stargate  
  111  7:28  Photon Cannon  
  111  7:29  Probe x2 (Chrono Boost)  
  113  7:30  Gateway x2  
  113  7:31  Fleet Beacon  
  113  7:33  Probe (Chrono Boost)  
  113  7:34  Protoss Ground Weapons Level 2, Immortal  
  113  7:35  Photon Cannon  
  114  7:37  Phoenix  
  114  7:43  Phoenix x2  
  120  7:50  Protoss Air Weapons Level 1  
  122  7:52  Probe x2 (Chrono Boost)  
  122  7:53  Pylon  
  122  7:54  Pylon  
  122  8:00  Phoenix  
  124  8:13  Phoenix  
  124  8:16  Assimilator, Probe x2 (Chrono Boost)  
  124  8:17  Assimilator  
  128  8:23  Probe (Chrono Boost)  
  131  8:29  Probe (Chrono Boost)  
  131  8:30  Stalker x3  
  131  8:33  Probe (Chrono Boost)  
  138  8:34  Carrier x2  
  139  8:46  Probe (Chrono Boost)  
  154  8:50  Photon Cannon  
  154  8:52  Photon Cannon  
  154  8:53  High Templar x2, Zealot x4  
  166  8:58  Archon  
  166  9:00  Pylon  
  166  9:02  Pylon  
  166  9:03  Graviton Catapult  
  166  9:04  Pylon  
  166  9:22  Stargate  
  164  9:42  Nexus  
  157  9:46  Probe (Chrono Boost)  
  157  9:48  Carrier x2  
  141  9:55  Zealot x5  
  141  9:56  Zealot x4  
  161  10:09  Probe (Chrono Boost)  
  124  10:27  Probe (Chrono Boost)  
  124  10:28  Probe x3 (Chrono Boost)  
  119  10:37  Probe (Chrono Boost)  
  119  10:39  Assimilator  
  119  10:40  Probe x3 (Chrono Boost)  
  123  10:48  Probe (Chrono Boost)  
  124  10:52  Probe (Chrono Boost)  
  124  10:53  Probe (Chrono Boost)  
  124  10:54  Photon Cannon  
  124  10:57  Photon Cannon  
  126  11:02  Zealot x4  
  126  11:03  Zealot x3, Carrier  
  137  11:06  Zealot  
  137  11:10  Zealot  
  135  11:11  Probe (Chrono Boost)  
  135  11:12  Probe (Chrono Boost)  
  135  11:13  Probe (Chrono Boost)  
  135  11:14  Probe (Chrono Boost)  
  140  11:22  Void Ray  
  140  11:23  Probe (Chrono Boost)  
  140  11:24  Probe (Chrono Boost)  
  141  11:27  Protoss Air Weapons Level 2  
  133  11:39  Probe (Chrono Boost)  
  137  11:40  Probe x3 (Chrono Boost)  
  130  11:49  High Templar, Probe (Chrono Boost)  
  130  11:50  High Templar x7  
  130  11:52  Probe x2 (Chrono Boost)  
  130  11:53  Probe (Chrono Boost)  
  150  11:54  Archon x2  
  150  11:55  Archon x2  
  150  12:00  Probe (Chrono Boost)  
  151  12:04  Probe (Chrono Boost)  
  151  12:05  Probe x2 (Chrono Boost)  
  154  12:11  Probe (Chrono Boost)  
  154  12:14  Zealot x2  
  152  12:17  Probe (Chrono Boost)  
  152  12:19  Pylon  
  151  12:24  Protoss Ground Weapons Level 3  
  151  12:26  Probe (Chrono Boost)  
  151  12:27  High Templar x2  
  156  12:31  Void Ray  
  156  12:32  Pylon  
  156  12:34  Void Ray  
  156  12:35  Pylon  
  156  12:37  Pylon  
  156  12:39  Archon  
  156  12:45  Carrier  
  160  13:02  Probe (Chrono Boost)  
  159  13:06  High Templar x2  
  159  13:07  Zealot x5  
  159  13:09  Zealot x3  
  165  13:27  Void Ray  
  165  13:28  Void Ray  
  165  13:30  High Templar  
  175  13:35  Archon  
  169  13:59  Photon Cannon  
  169  14:01  Photon Cannon  
  169  14:03  Photon Cannon  
  155  14:11  Void Ray  
  159  14:18  Zealot  
  159  14:19  Zealot x3  
  160  14:37  Probe (Chrono Boost)  
  155  14:39  Zealot x2, Pylon  
  159  14:47  Zealot x2  
  163  14:55  Carrier  
  163  14:57  Zealot  
  163  14:58  Zealot  
  163  14:59  Zealot x2  
  171  15:08  High Templar  
  171  15:09  High Templar x3  
  179  15:15  Psionic Storm  
  179  15:16  Archon  
  179  15:18  Archon  
  175  15:32  High Templar x5  
  160  15:37  Probe x3 (Chrono Boost)  
  160  15:38  Probe (Chrono Boost), Carrier  
  164  15:49  Carrier  
  177  15:50  Probe (Chrono Boost)  
  177  15:56  Pylon  
  177  16:02  Pylon  
  177  16:16  High Templar x2  
  179  16:23  Cybernetics Core  
  179  16:28  High Templar  
  179  16:29  High Templar  
  179  16:31  Zealot x2  
  187  16:39  Archon x2  
  187  16:50  Probe (Chrono Boost)  
  187  16:53  Pylon x2  
  188  17:09  Probe (Chrono Boost)  
  188  17:11  Probe (Chrono Boost)  
Show
View Real Time Build Order
Export as new Build Order

McMonroe Zerg 

Build Orders: Hatch First, Muta Ling Bane 

Get SALT Encoding   

  12  0:00  Drone  
  13  0:12  Overlord  
  13  0:19  Drone  
  14  0:30  Drone x2  
  16  0:49  Hatchery  
  15  0:53  Drone  
  15  0:55  Drone  
  17  0:59  Drone  
  18  1:10  Extractor  
  17  1:15  Spawning Pool  
  17  1:18  Drone  
  17  1:21  Drone  
  18  1:29  Drone  
  19  1:42  Drone  
  20  1:49  Overlord  
  20  2:02  Queen x2  
  20  2:03  Zergling x4  
  26  2:12  Metabolic Boost  
  26  2:14  Drone  
  27  2:16  Drone  
  28  2:24  Drone x2  
  30  2:32  Drone  
  30  2:33  Drone  
  32  2:44  Hatchery  
  31  2:48  Drone x2  
  33  2:53  Overlord  
  33  2:56  Drone  
  34  3:05  Drone  
  35  3:10  Drone  
  35  3:12  Overlord  
  36  3:15  Queen  
  36  3:19  Drone x5  
  43  3:28  Drone  
  43  3:31  Overlord  
  43  3:33  Drone  
  45  3:37  Roach Warren  
  44  3:43  Drone x3  
  47  3:49  Drone x3  
  50  3:57  Spore Crawler  
  50  3:58  Spore Crawler  
  50  4:00  Queen  
  50  4:03  Drone  
  50  4:04  Evolution Chamber, Spore Crawler  
  50  4:06  Drone  
  50  4:07  Drone x3  
  54  4:11  Overlord  
  54  4:16  Drone  
  55  4:18  Drone  
  53  4:26  Drone x7  
  53  4:29  Zerg Melee Weapons Level 1  
  59  4:32  Overlord  
  59  4:40  Drone x3  
  59  4:43  Drone  
  63  4:49  Drone  
  64  4:55  Zergling x4, Hatchery  
  64  4:59  Zergling x8  
  67  5:09  Drone x8  
  67  5:11  Lair  
  67  5:13  Extractor  
  71  5:18  Extractor  
  71  5:20  Extractor  
  69  5:21  Drone x3  
  72  5:29  Zergling x4  
  72  5:32  Overlord  
  74  5:43  Overlord x3  
  74  5:51  Hatchery, Baneling Nest  
  74  5:57  Drone x3, Extractor x2  
  74  6:00  Drone  
  74  6:02  Drone x7  
  81  6:07  Drone x2  
  83  6:15  Drone x4  
  86  6:20  Spire  
  86  6:22  Zergling x6  
  86  6:23  Zergling x8  
  92  6:30  Drone x2  
  92  6:31  Drone  
  95  6:33  Overlord x3  
  95  6:37  Overlord x2  
  95  6:40  Spore Crawler  
  95  6:44  Overlord x4  
  94  6:47  Centrifical Hooks  
  94  6:54  Drone, Roach Warren  
  95  6:55  Zerg Melee Weapons Level 2  
  95  6:59  Drone x3  
  97  7:03  Drone x4  
  97  7:07  Drone  
  97  7:08  Drone x2  
  101  7:15  Overlord x3  
  101  7:32  Mutalisk x6  
  101  7:35  Roach  
  101  7:36  Roach x5  
  125  7:40  Roach x3  
  131  7:46  Glial Reconstitution  
  131  7:48  Zergling x16  
  131  7:51  Zergling x6  
  142  8:00  Zergling x8  
  142  8:06  Hatchery  
  142  8:07  Drone x6  
  142  8:08  Ravager x2  
  142  8:09  Ravager x3  
  152  8:15  Zergling x14  
  152  8:18  Baneling x7  
  159  8:26  Zergling x16  
  167  8:29  Baneling  
  167  8:30  Baneling x7  
  168  8:34  Zergling x10  
  168  8:39  Zergling x8  
  164  8:43  Baneling x6  
  164  8:44  Baneling x6  
  164  8:51  Zergling x16  
  172  9:00  Zergling x18  
  181  9:06  Zergling x2  
  181  9:07  Zergling x2  
  181  9:11  Baneling x7  
  181  9:14  Baneling x16  
  181  9:19  Zergling x2, Zerg Ground Armor Level 1  
  181  9:20  Zergling x8  
  181  9:21  Zergling x2  
  181  9:22  Overlord  
  187  9:24  Baneling x4  
  187  9:26  Baneling  
  187  9:27  Baneling  
  187  9:29  Zergling x4  
  187  9:30  Zergling x6  
  192  9:36  Spore Crawler  
  184  9:49  Baneling x9  
  167  10:01  Zergling x16  
  167  10:02  Zergling x38  
  159  10:15  Zergling x20  
  152  10:27  Zergling x26  
  144  10:36  Overseer x2  
  144  10:38  Corruptor x5  
  144  10:41  Corruptor  
  156  10:48  Corruptor x2  
  160  10:50  Drone x2  
  160  10:51  Drone  
  160  10:53  Zerg Flyer Weapons Level 1  
  153  11:16  Corruptor x5  
  156  11:19  Baneling  
  156  11:20  Baneling x3  
  154  11:31  Drone x3  
  154  11:32  Drone x4, Extractor x2  
  158  11:33  Drone x2  
  158  11:36  Overseer  
  158  11:37  Corruptor x2  
  164  11:44  Zergling x2  
  164  11:45  Zergling x32, Hatchery  
  178  11:50  Corruptor  
  178  11:51  Corruptor  
  182  11:57  Drone x3  
  182  11:58  Drone x3  
  182  12:00  Corruptor  
  190  12:01  Extractor  
  190  12:03  Baneling x7  
  190  12:06  Extractor  
  188  12:15  Corruptor x2  
  184  12:17  Zergling x20  
  184  12:18  Zergling x2  
  196  12:29  Baneling  
  196  12:30  Baneling x14  
  194  12:37  Hydralisk Den  
  194  12:41  Zergling x18  
  200  12:45  Pneumatized Carapace  
  200  12:50  Corruptor x3  
  196  13:02  Spore Crawler  
  194  13:13  Hatchery  
  194  13:16  Corruptor x3  
  194  13:17  Corruptor x3  
  197  13:22  Muscular Augments  
  197  13:26  Burrow  
  188  13:29  Baneling  
  188  13:30  Baneling x9  
  188  13:31  Zergling x14  
  194  13:37  Zerg Missile Weapons Level 1  
  194  13:39  Evolution Chamber  
  187  13:57  Baneling x14  
  187  14:01  Zergling x26  
  164  14:13  Hydralisk x10  
  137  14:28  Hydralisk  
  137  14:29  Hydralisk x7  
  154  14:36  Hydralisk x2  
  155  14:43  Hydralisk x4  
  141  14:59  Hydralisk x7  
  138  15:00  Hydralisk  
  151  15:10  Hydralisk x3  
  151  15:11  Drone x6  
  151  15:14  Baneling x7  
  135  15:39  Infestation Pit  
  133  15:49  Hatchery  
  131  15:59  Drone x2  
  131  16:00  Drone  
  134  16:06  Hatchery  
  133  16:16  Neural Parasite  
  133  16:17  Infestor x3  
  139  16:22  Infestor  
  141  16:27  Infestor  
  141  16:32  Infestor  
  143  16:38  Infestor  
  147  16:42  Infestor  
  149  16:48  Infestor  
  152  16:57  Infestor  
  154  17:06  Overlord, Hatchery  
  152  17:12  Overlord  
  146  17:17  Overlord  
Tags
 
Add a new tag
Caveats
  • Supply blocks, unpowered buildings, or Contaminate may cause inaccurate times.
  • Supply counts are checked every 10 seconds.